 Dungeon Crawl Stone Soup version 0.28-a0-1227-ga9037bb4c8 (webtiles) character file.

Game seed: 4590229420241750823

63 freelancePsychic the Magician (level 4, -2/33 HPs)
             Began as a Djinni Venom Mage on Dec 22, 2021.
             Killed from afar by Ijyb (12 damage)
             ... with an iceblast
             ... on level 3 of the Dungeon.
             The game lasted 00:04:22 (4438 turns).

freelancePsychic the Magician (Djinni Venom Mage)   Turns: 4438, Time: 00:04:23

Health: -2/33      AC:  3    Str:  7    XL:     4   Next: 31%
Gold:   81         EV: 12    Int: 18    God:
                   SH:  0    Dex: 14

rFire   + + .      SeeInvis .   d - +0 spear
rCold   x . .      Faith    .   (no shield)
rNeg    . . .      Spirit   .   a - +0 robe
rPois   ∞          Reflect  .   (no helmet)
rElec   .          Harm     .   f - +0 cloak
rCorr   .          Rampage  .   (no gloves)
Will    .....                   (boots unavailable)
Stlth   ++........              (no amulet)
HPRegen 0.11/turn               (no ring)
MPRegen 0.00/turn               (no ring)

@: flying
A: sickness immunity, fire resistance 2, cold vulnerability 1, float, innate
caster, hp casting, extra vitality 1
a: no special abilities


You were on level 3 of the Dungeon.
You visited 1 branch of the dungeon, and saw 3 of its levels.

You collected 81 gold pieces.

Inventory:

Hand Weapons
 d - a +0 spear (weapon)
Armour
 a - a +0 robe (worn)
 f - a +0 cloak (worn)
Scrolls
 b - a scroll of teleportation {@r4}
 e - a scroll of identify {@r1}
 g - a scroll of acquirement {unknown}
 h - a scroll of immolation {unknown}
Potions
 c - 2 potions of curing {unknown}


   Skills:
 + Level 1.8 Fighting
 - Level 2.1 Dodging
 - Level 1.5 Stealth
 * Level 3.4 Spellcasting


You couldn't memorise any spells.
You knew the following spells:

 Your Spells              Type           Power      Damage    Failure   Level
a - Sting                 Tmut/Pois      60%        1d6       3%          1
b - Poisonous Vapours     Pois/Air       30%        N/A       6%          2
c - Mephitic Cloud        Conj/Pois/Air  15%        N/A       12%         3
d - Olgreb's Toxic Radia  Pois           15%        N/A       36%         4
e - Apportation           Tloc           30%        N/A       3%          1
Your spell library was empty.

Dungeon Overview and Level Annotations

Branches:
Dungeon (3/15)

Altars:
Gozag

Annotations:
D:2 Natasha
D:3 Ijyb


Innate Abilities, Weirdness & Mutations

You are immune to sickness and miasma.
You are immune to poison.
Your flesh is very heat resistant. (rF++)
You are vulnerable to cold. (rC-)
You float through the air rather than walking.
You learn spells naturally, not from books.
Your magical power is your life essence.
You have superior vitality. (+4 MHP)


Message History

Ijyb zaps a wand.
The mass of ice explodes!
The iceblast engulfs you!
You feel a painful chill!
* * * LOW HITPOINT WARNING * * *
Your surroundings suddenly seem different.
An orc comes into view. It is wielding a +0 flail.
Poisonous vapours surround the orc!
The orc is poisoned.
The orc shouts!
Poisonous vapours surround the orc!
The orc looks even sicker.
You hit the orc.
You kill the orc!
No target in view!
Things that are here:
a +0 flail; an orc corpse You see here 19 sling bullets.
Ijyb is nearby!
Poisonous vapours surround Ijyb!
Ijyb is poisoned.
Ijyb shouts!
Casting: Poisonous Vapours (safe; 6% risk of failure)
Confirm with . or Enter, or press ? or * to list all spells.
Aiming: Poisonous Vapours (safe; 6% risk of failure)
Press: ? - help, Dir - move target, f/p - Ijyb
Aim: Ijyb, wielding a +0 dagger, wearing a +0 chain mail and carrying a wand of iceblast (6) (lightly wounded) Poisonous vapours surround Ijyb!
Ijyb is poisoned.
Casting: Poisonous Vapours (safe; 6% risk of failure)
Confirm with . or Enter, or press ? or * to list all spells.
Aiming: Poisonous Vapours (safe; 6% risk of failure)
Press: ? - help, Dir - move target, f/p - Ijyb
Aim: Ijyb, wielding a +0 dagger, wearing a +0 chain mail and carrying a wand of iceblast (6) (moderately wounded, poisoned) Poisonous vapours surround Ijyb!
Ijyb looks even sicker.
Ijyb zaps a wand.
The mass of ice explodes!
The iceblast engulfs you.
You feel a painful chill! Ijyb screams, "Me kill you!"
Ijyb zaps a wand.
The mass of ice explodes!
The iceblast engulfs you!
You feel a painful chill!
Ijyb looks more healthy.
There is a stone staircase leading up here.
Ijyb screams, "Level is mine!
All mine!"
Ijyb zaps a wand.
The mass of ice explodes!
The iceblast engulfs you!
You feel a painful chill!
You die...

#g# #.# #.# #.#. #.#
#.########.# ##.#. #.#
#.#........# ##.... #.#
#.#.#...########.#.#.
#.###.#.#...........)....
#(.g..#.#...########.#.#.
#..............# ##...#
#.##...........# ##.##
#.##.#..@......# #...
#.##.##.#...#.## ####
#.##.##.#...#.#
#.##.##.......###########
#.##.######......##......
#.##.# #...##.##.#####
#.##.######...##.##.#
#.##................#
#.............##.####


You could see Ijyb.

Vanquished Creatures
  An adder (D:2)
  A worm (D:2)
  2 dart slugs
  2 orcs (D:3)
  5 endoplasms
  2 giant cockroaches
  2 goblins
  5 hobgoblins
  8 jackals (D:1)
  A quokka (D:3)
  4 ball pythons
  2 bats (D:1)
  2 frilled lizards
  2 kobolds
  4 rats
43 creatures vanquished.

Vanquished Creatures (others)
  A plant (D:3)
  5 toadstools (D:1)
  4 withered plants (D:3)
10 creatures vanquished.

Grand Total: 53 creatures vanquished

Notes
Turn   | Place    | Note
-------+----------+-------------------------------------------
     0 | D:1      | freelancePsychic the Djinni Venom Mage began the quest for
                  | the Orb.
     0 | D:1      | Reached XP level 1. HP: 15/15 MP: 0/0
   402 | D:1      | Reached XP level 2. HP: 13/22 MP: 0/0
   717 | D:1      | Reached skill level 1 in Fighting
   957 | D:1      | Found a faded altar of an unknown god.
  1050 | D:1      | Reached XP level 3. HP: 8/27 MP: 0/0
  1050 | D:1      | Learned a level 1 spell: Apportation
  1395 | D:1      | Reached skill level 3 in Spellcasting
  2475 | D:2      | Noticed Natasha
  2606 | D:2      | Found an opulent altar of Gozag.
  3360 | D:3      | Reached XP level 4. HP: 24/33 MP: 0/0
  4049 | D:3      | Noticed Ijyb
  4438 | D:3      | Killed from afar by Ijyb

Illustrated notes

Levels and vault maps discovered:
D:1:      ldierk_walled_garden, layout_basic,
          shapermc_ecumenical_altar_notcrosses, minmay_misc_feat_enclosed,
          kennysheep_nondescript, hangedman_decor_lopped
D:2:      layout_loops_ring, basic_altar, uniq_natasha
D:3:      layout_loops_ring, grunt_temple_overflow_growth_and_decay,
          nicolae_figureground_pulse, uniq_ijyb

Skill      XL: |  1  2  3 |
---------------+----------+-----
Fighting       | 1 |  1.8
Spellcasting   | 3 |  3.4
Dodging        | |  2.1
Stealth        | |  1.5

Action                   |  1- 3 |  4- 6 || total
-------------------------+-------+-------++-------
Melee: Spear             |     1 |     9 ||    10
 Cast: Sting             |    39 |     3 ||    42
       Poisonous Vapours |    31 |    19 ||    50
  Use: Scroll            |       |     2 ||     2
Armor: Robe              |     8 |     2 ||    10
Dodge: Dodged            |    18 |     6 ||    24

Table legend: (Time is in decaauts)
 A = Elapsed time spent in this place.
 B = Non-inter-level travel time spent in this place.
 C = Inter-level travel time spent in this place.
 D = Time resting spent in this place.
 E = Time spent auto-exploring this place.
 F = Levels seen in this place.
 G = Mean time per level.
                   A        B        C        D        E       F      G
               +--------+--------+--------+--------+--------+-----+--------+
         Total |   4437 |   4376 |     61 |      0 |   3994 |   3 | 1479.0 |
       Dungeon |   4437 |   4376 |     61 |      0 |   3994 |   3 | 1479.0 |
               +--------+--------+--------+--------+--------+-----+--------+

Top non-repeatable levels by time:
     D:1: 1791 daAuts
     D:2: 1564 daAuts
     D:3: 1082 daAuts
